 Dungeon Crawl Stone Soup version 0.30-a0-1114-gd936c97349 (webtiles) character file.

Game seed: 11311733726530876497

197 Warped the Sneak (level 5, 0/36 HPs)
             Began as an Octopode Brigand on Apr 21, 2023.
             Slain by a bullfrog (6 damage)
             ... in a sewer.
             The game lasted 00:03:54 (1739 turns).

Warped the Sneak (Octopode Brigand)                 Turns: 1739, Time: 00:03:55

Health: 0/36       AC:  1    Str: 10    XL:     5   Next: 75%
Magic:  5/5        EV: 11    Int: 19    God:
Gold:   86         SH:  0    Dex: 16    Spells: 4/4 levels left

rFire   . . .      SeeInvis .    a - +2 dagger (elec)
rCold   . . .      Faith    .    (no shield)
rNeg    . . .      Spirit   .    (helmet restricted)
rPois   .          Reflect  .    (no amulet)
rElec   .          Rampage  .    f - +6 ring of intelligence
rCorr   .                        (no ring)
Will    .....                    (no ring)
Stlth   +++++                    (no ring)
HPRegen 0.26/turn                (no ring)
MPRegen 0.09/turn                (no ring)
                                 (no ring)
                                 (no ring)

@: lethally poisoned (0 -> -8), about to teleport, constricted
A: almost no armour, amphibious, 8 rings, camouflage 1, gelatinous body 1,
nimble swimmer 1, tentacles
a: no special abilities


You were in a sewer.
You visited 1 branch of the dungeon, and saw 3 of its levels.
You also visited: Sewer.

You collected 86 gold pieces.

Inventory:

Hand Weapons
 a - a +2 dagger of electrocution (weapon)
 b - a +0 sling
 d - a +2 dagger
 l - a +0 short sword of holy wrath
Missiles
 c - 3 curare-tipped darts
 e - 27 stones
 g - 14 poisoned darts (quivered)
Jewellery
 f - a +6 ring of intelligence (left tentacle)
Scrolls
 h - a scroll of immolation
Potions
 j - a potion of haste


   Skills:
 + Level 3.3 Fighting
 + Level 3.2 Short Blades
 - Level 2.0 Throwing
 + Level 2.7 Dodging
 + Level 6.6 Stealth


You had 4 spell levels left.
You didn't know any spells.
Your spell library was empty.

Dungeon Overview and Level Annotations

Branches:
Dungeon (3/15)              Sewer (1/1)

Altars:


Innate Abilities, Weirdness & Mutations

You cannot wear most types of armour.
You are amphibious.
You can wear up to eight rings at the same time.
Your skin changes colour to match your surroundings (Stealth+).
Your rubbery body absorbs attacks. (AC +1, EV +1)
You are camouflaged when in or above water. (Stealth+)
You have tentacles for arms and can constrict up to eight enemies at once.


Message History

You are too injured to fight recklessly!
You are too injured to fight recklessly!
You are too injured to fight recklessly!
You are too injured to fight recklessly!
You are too injured to fight recklessly!
You are too injured to fight recklessly!
You are too injured to fight recklessly!
You are too injured to fight recklessly!
You are too injured to fight recklessly!
You are too injured to fight recklessly!
You are too injured to fight recklessly!
You are too injured to fight recklessly!
You are too injured to fight recklessly!
You are too injured to fight recklessly!
You are too injured to fight recklessly!
You are too injured to fight recklessly!
Unknown command.
The bullfrog attacks as you move away! The bullfrog closely misses you.
The bullfrog attacks as you move away! The bullfrog closely misses you.
The adder attacks as you move away! The adder bites you.
You are poisoned.
The adder poisons you!
You feel sick. The bullfrog hits you!
* * * LOW HITPOINT WARNING * * *
The bullfrog hits you.
* * * LOW HITPOINT WARNING * * *
Okay, then.
You feel much better.
You feel sick. The adder bites you. The bullfrog completely misses you.
The bullfrog hits you! The ball python misses you. The ball python grabs you.
The ball python constricts you.
Unknown command.
As you read the scroll of teleportation, it crumbles to dust.
You feel strangely unstable.
You feel sick. The bullfrog barely misses you. The bullfrog hits you!
* * * LOW HITPOINT WARNING * * *
The adder bites you.
* * * LOW HITPOINT WARNING * * *
You are lethally poisoned!
The adder poisons you! The bullfrog hits you.
You die...

..####################
.## ## .+ .# .##
..####################+#
....~≈≈≈≈≈≈≈≈≈≈≈SS≈....##
...~~≈≈≈≈≈≈≈≈≈~≈@FJ~....#
...~~~†~~~≈≈≈≈≈~SF≈.....#
....~≈~~~~≈≈≈≈~~≈≈~~....#
...~≈≈≈≈≈≈~..~#≈≈≈~.....#
##..≈≈≈≈≈~~~≈~~≈≈≈≈#...##
#######################


You could see 2 bullfrogs, an adder, an endoplasm and 2 ball pythons.

Vanquished Creatures
  Natasha (D:3)
  6 adders
  2 river rats (Sewer)
  A worm (D:2)
  2 dart slugs
  An orc (D:3)
  15 ball pythons
  6 bats
  6 endoplasms
  4 giant cockroaches
  5 goblins
  2 hobgoblins
  4 jackals (D:2)
  7 quokkas
  5 frilled lizards
  2 kobolds
  31 rats
100 creatures vanquished.

Notes
Turn   | Place    | Note
-------+----------+-------------------------------------------
     0 | D:1      | Warped the Octopode Brigand began the quest for the Orb.
     0 | D:1      | Reached XP level 1. HP: 14/14 MP: 1/1
    66 | D:1      | Reached XP level 2. HP: 19/19 MP: 2/2
   197 | D:1      | Found a faded altar of an unknown god.
   443 | D:2      | Reached XP level 3. HP: 25/25 MP: 3/3
   702 | D:2      | Reached XP level 4. HP: 19/30 MP: 4/4
   792 | D:2      | Reached skill level 6 in Stealth
  1407 | D:3      | Noticed Natasha
  1413 | D:3      | Killed Natasha
  1448 | D:3      | Found a glowing drain.
  1457 | D:3      | Reached XP level 5. HP: 36/36 MP: 5/5
  1468 | Sewer    | Entered a sewer
  1739 | Sewer    | Slain by a bullfrog

Illustrated notes

Levels and vault maps discovered:
D:1:      psy_arrival_basics, layout_rooms, chequers_ecumenical_altar_grove,
          amcnicky_mini_corridor_feature
D:2:      layout_basic
D:3:      layout_basic, portal_sewer_entry_f, minmay_bisected, uniq_natasha
Sewer:    sewer_minmay_w

Skill      XL: |  1  2  3  4  5 |
---------------+----------------+-----
Dodging        | 2 |  2.7
Stealth        | 6 |  6.6
Fighting       | 3 |  3.3
Short Blades   | 3 |  3.2
Throwing       | |  2.0

Action                     |  1- 3 |  4- 6 || total
---------------------------+-------+-------++-------
  Melee: Dagger            |    57 |   107 ||   164
         Constrict         |    12 |    25 ||    37
         Tentacles         |     8 |    18 ||    26
         Punch             |       |     1 ||     1
    Use: Scroll            |     5 |     4 ||     9
         Potion            |     1 |     2 ||     3
   Stab: Sleeping          |    11 |    22 ||    33
 Armour: Skin              |     7 |     7 ||    14
  Dodge: Dodged            |    35 |    78 ||   113

Table legend: (Time is in decaauts)
 A = Elapsed time spent in this place.
 B = Non-inter-level travel time spent in this place.
 C = Inter-level travel time spent in this place.
 D = Time resting spent in this place.
 E = Time spent auto-exploring this place.
 F = Levels seen in this place.
 G = Mean time per level.
                   A        B        C        D        E       F      G
               +--------+--------+--------+--------+--------+-----+--------+
         Total |   1711 |   1681 |     30 |     54 |   1095 |   4 |  427.8 |
       Dungeon |   1451 |   1421 |     30 |     54 |    963 |   3 |  483.7 |
         Sewer |    260 |    260 |      0 |      0 |    132 |   1 |  260.0 |
               +--------+--------+--------+--------+--------+-----+--------+

Top non-repeatable levels by time:
     D:2: 620 daAuts
     D:1: 434 daAuts
     D:3: 396 daAuts
   Sewer: 260 daAuts
